 Dungeon Crawl Stone Soup version 0.31-a0-1616-gbeaec30b81 (webtiles) character file.

Game seed: 12177760314552381009

572 Fodor the Chopper (level 7, -1/60 HPs)
             Began as a Minotaur Fighter on Jan 10, 2024.
             Killed from afar by Maggie (9 damage)
             ... with a bolt of fire
             ... on level 6 of the Dungeon.
             The game lasted 00:22:34 (3332 turns).

Fodor the Chopper (Minotaur Fighter)                Turns: 3332, Time: 00:22:37

Health: -1/60      AC:  5    Str: 23    XL:     7   Next: 12%
Magic:  6/6        EV: 10    Int:  5    God:
Gold:   220        SH:  5    Dex: 15    Spells: 6/6 levels left

rFire   . . .        a - +0 war axe
rCold   . . .        c - +0 buckler
rNeg    . . .        b - +0 scale mail
rPois   .            (helmet restricted)
rElec   .            (no cloak)
rCorr   .            e - +0 pair of gloves
SInv    .            (no boots)
Will    .....        (no amulet) Stlth
                     g - ring of flight
HPRegen 0.30/turn    s - +6 ring of dexterity
MPRegen 0.10/turn

%: no passive effects
@: flying, mesmerised
A: horns 2, retaliatory headbutt, deformed body
a: no special abilities


You were on level 6 of the Dungeon.
You visited 1 branch of the dungeon, and saw 6 of its levels.

You collected 220 gold pieces.

Inventory:

Hand Weapons
 a - a +0 war axe (weapon)
Armour
 b - a +0 scale mail (worn)
 c - a +0 buckler (worn)
 e - a +0 pair of gloves (worn)
Jewellery
 g - a ring of flight (left hand)
 s - a +6 ring of dexterity (right hand)
Talismans
 n - a serpent talisman
Wands
 o - a wand of charming (6)
Scrolls
 f - 3 scrolls of fog
 h - 3 scrolls of amnesia
 i - 4 scrolls of teleportation
 l - 2 scrolls of enchant armour
 p - a scroll of silence
 q - a scroll of noise
 u - a scroll of acquirement {unknown}
 v - a scroll of fear {unknown}
Potions
 d - 3 potions of might
 j - a potion of mutation
 k - 2 potions of curing {unknown}
 m - a potion of magic {unknown}
 r - a potion of attraction {unknown}
 t - 2 potions of invisibility {unknown}


   Skills:
 + Level 4.8 Fighting
 + Level 6.9 Axes
 + Level 5.5 Armour
 + Level 1.7 Dodging
 + Level 0.2 Stealth
 + Level 4.6 Shields


You had 6 spell levels left.
You didn't know any spells.
Your spell library contained the following spells:

 Spells                   Type           Power      Damage    Failure   Level
 Apportation              Tloc           0%         N/A       83%         1
 Jinxbite                 Hex            0%         N/A       93%         2
 Mercury Vapours          Alch/Air       0%         N/A       93%         2
 Inner Flame              Hex/Fire       0%         N/A       99%         3
 Mephitic Cloud           Conj/Alch/Air  0%         N/A       99%         3
 Flame Wave               Conj/Fire      0%         2d4       100%        4
 Sticky Flame             Fire/Alch      0%         2d4       100%        4
 Alistair's Intoxication  Alch           0%         N/A       100%        5
 Freezing Cloud           Conj/Ice/Air   0%         6-21      100%        5


Dungeon Overview and Level Annotations

Branches:
Dungeon (5/15)
 Temple: D:4-7

Altars:
Cheibriados
Ru

Annotations:
D:6 Maggie


Innate Abilities, Weirdness & Mutations

You have a pair of horns on your head.
You reflexively headbutt those who attack you in melee.
Armour fits poorly on your strangely shaped body.


Message History

Maggie attempts to bespell you!
You are mesmerised by Maggie!
You hit Maggie but do no damage.
Maggie is heavily wounded.
Maggie hits you with a +0 long sword of pain.
You slash Maggie!
Maggie is severely wounded.
You slash the black bear! The black bear barely misses you. x2
The black bear claws you but does no damage.
Maggie gestures at you while chanting. The bolt of fire hits you!
Maggie hits you with a +0 long sword of pain.
The black bear bites you but does no damage.
The black bear claws you but does no damage. x2
You cannot move away from Maggie!
Unknown command.
You cannot move away from Maggie!
Unknown command.
You cannot move away from Maggie!
You hit Maggie but do no damage. Your headbutt misses Maggie.
Maggie is severely wounded.
You slash the black bear!
The black bear goes berserk!
Maggie hits you with a +0 long sword of pain!
You slash Maggie! Your headbutt misses Maggie.
Maggie is almost dead.
You hit the black bear. You block the black bear's attack.
The black bear closely misses you. You block the black bear's attack.
Maggie hits you with a +0 long sword of pain!
* * * LOW HITPOINT WARNING * * *
The black bear barely misses you.
The black bear claws you but does no damage.
The black bear claws you.
* * * LOW HITPOINT WARNING * * *
It was a potion of mutation.
You feel extremely strange.
Your body twists and deforms.
The black bear barely misses you. You block the black bear's attack.
The black bear barely misses you. Maggie gestures at you while chanting.
The bolt of fire hits you!
You die...

+... ##..PP...##.
#.## #.......... #.##
+......[..+ #.##
#.........# ####
#.......# # #.....#
###### #h@.# #.....
#@# ##.### #.# #.#
#.# #.# ######.## #.#
#.......###########.#
#.##................#
#.....############
#........#
....#.#####


You could see Maggie (mesmerising) and a black bear (berserk).

Vanquished Creatures
  A phantom (D:5)
  3 scorpions
  2 quasits (D:4)
  Natasha (thrice) (D:4)
  An iguana (D:5)
  2 gnolls (D:3)
  4 adders
  A shadow imp (D:4)
  A white imp (D:4)
  An ufetubus (D:4)
  A dart slug (D:1)
  2 ribbon worms (D:3)
  2 orcs
  8 ball pythons
  8 bats
  4 endoplasms
  3 giant cockroaches
  7 goblins
  7 hobgoblins
  5 jackals (D:2)
  10 quokkas
  3 frilled lizards (D:2)
  7 kobolds
  5 rats
91 creatures vanquished.

Notes
Turn   | Place    | Note
-------+----------+-------------------------------------------
     0 | D:1      | Fodor the Minotaur Fighter began the quest for the Orb.
     0 | D:1      | Reached XP level 1. HP: 19/19 MP: 0/0
   137 | D:1      | Reached XP level 2. HP: 27/27 MP: 1/1
   272 | D:1      | Found a faded altar of an unknown god.
   671 | D:2      | Reached skill level 3 in Axes
   674 | D:2      | Reached XP level 3. HP: 32/33 MP: 2/2
   717 | D:2      | Found a sacrificial altar of Ru.
  1303 | D:3      | Reached XP level 4. HP: 40/40 MP: 3/3
  1311 | D:3      | Found a snail-covered altar of Cheibriados.
  1369 | D:3      | Reached skill level 4 in Axes
  1699 | D:3      | Reached skill level 1 in Dodging
  2333 | D:4      | Noticed a scorpion
  2339 | D:4      | Killed a scorpion
  2340 | D:4      | Reached XP level 5. HP: 40/46 MP: 4/4
  2418 | D:4      | Reached skill level 5 in Axes
  2524 | D:4      | Noticed Natasha
  2530 | D:4      | Reached XP level 6. HP: 53/53 MP: 5/5
  2535 | D:4      | Killed Natasha
  2536 | D:4      | Reached skill level 5 in Armour
  2566 | D:4      | Noticed Natasha
  2581 | D:4      | Killed Natasha
  2702 | D:4      | Noticed Natasha
  2714 | D:4      | Killed Natasha
  2715 | D:4      | Reached skill level 6 in Axes
  3101 | D:5      | Entered Level 5 of the Dungeon
  3206 | D:5      | Reached XP level 7. HP: 60/60 MP: 6/6
  3267 | D:5      | You are sucked into a shaft and drop 1 floor!
  3323 | D:6      | Noticed Maggie
  3332 | D:6      | Gained mutation: Armour fits poorly on your strangely
                  | shaped body. [potion of mutation]
  3332 | D:6      | Killed from afar by Maggie

Illustrated notes

Levels and vault maps discovered:
D:1:      minmay_arrival_radiant_lines, layout_loops_ring,
          shapermc_ecumenical_altar_mp_urbaneastern
D:2:      minmay_razor_zed, layout_rooms, basic_altar
D:3:      wad_woods_tower, layout_basic, cheibriados_altar_1,
          kennysheep_generic_room_12
D:4:      layout_basic, serial_demonic, serial_demonic_a, serial_demonic_f,
          serial_demonic_b, serial_demonic_g, serial_demonic_c,
          serial_demonic_c, minmay_misc_feat_enclosed, uniq_natasha
D:5:      layout_cave_pools, grunt_temple_overflow_octagram, temple_statues
D:6:      layout_loops_corners, nicolae_hepliaklqana_hazy_memory,
          chequers_serial_rivers_room_a, uniq_eustachio, uniq_maggie

Skill      XL: |  1  2  3  4  5  6 |
---------------+-------------------+-----
Shields        | 4 |  4.6
Armour         | 4 5 |  5.5
Axes           | 3 4 5 6 |  6.9
Fighting       | 4 |  4.8
Dodging        | 1 |  1.7
Stealth        | |  0.2

Action                     |  1- 3 |  4- 6 |  7- 9 || total
---------------------------+-------+-------+-------++-------
  Melee: War axe           |   107 |   113 |    15 ||   235
         Headbutt          |    10 |    25 |     2 ||    37
    Use: Scroll            |       |     6 |       ||     6
         Potion            |       |       |     1 ||     1
 Armour: Scale mail        |    75 |    90 |    19 ||   184
  Dodge: Dodged            |    70 |    55 |     9 ||   134
  Block: Buckler           |    27 |    28 |     6 ||    61

Table legend: (Time is in decaauts)
 A = Elapsed time spent in this place.
 B = Non-inter-level travel time spent in this place.
 C = Inter-level travel time spent in this place.
 D = Time resting spent in this place.
 E = Time spent auto-exploring this place.
 F = Levels seen in this place.
 G = Mean time per level.
                   A        B        C        D        E       F      G
               +--------+--------+--------+--------+--------+-----+--------+
         Total |   3420 |   2871 |    549 |     60 |      0 |   6 |  570.0 |
       Dungeon |   3420 |   2871 |    549 |     60 |      0 |   6 |  570.0 |
               +--------+--------+--------+--------+--------+-----+--------+

Top non-repeatable levels by time:
     D:3: 1155 daAuts
     D:4: 823 daAuts
     D:1: 684 daAuts
     D:2: 522 daAuts
     D:5: 169 daAuts
     D:6: 66 daAuts
